 Dungeon Crawl Stone Soup version 0.31-a0-161-gb58dd9be76 (webtiles) character file.

Game seed: 1431020704832177554

93 qw the Chopper (level 4, -2/28 HPs)
             Began as a Gargoyle Fighter on June 12, 2023.
             Slain by an orc
             ... wielding a +0 club
              (4 damage)
             ... on level 3 of the Dungeon.
             The game lasted 00:01:05 (1851 turns).

qw the Chopper (Gargoyle Fighter)                   Turns: 1851, Time: 00:01:05

Health: -2/28      AC: 13    Str: 22    XL:     4   Next: 61%
Magic:  4/4        EV:  9    Int:  8    God:
Gold:   82         SH:  4    Dex:  9    Spells: 3/3 levels left

rFire   . . .        Y - +0 war axe
rCold   . . .        c - +0 buckler
rNeg    + . .        b - +0 scale mail
rPois   inf          g - +0 helmet
rElec   +            (no cloak)
rCorr   .            e - +0 pair of gloves
SInv    .            l - +0 pair of boots
Will    .....        (no amulet) Stlth
                     (no ring)
HPRegen 0.24/turn    (no ring)
MPRegen 0.09/turn

%: no passive effects
@: no status effects
A: sickness immunity, AC +3, negative energy resistance 1, electricity
resistance, torment resistance 1, petrification resistance
a: no special abilities


You were on level 3 of the Dungeon.
You visited 1 branch of the dungeon, and saw 3 of its levels.

You collected 82 gold pieces.


Innate Abilities, Weirdness & Mutations

You are immune to sickness and miasma.
Your stone body is resilient. (AC +3)
You are immune to poison.
You resist negative energy. (rN+)
You are resistant to electric shocks. (rElec)
You are resistant to unholy torment.
You are immune to petrification.


   Skills:
 - Level 3.2 Fighting
 + Level 4.2 Axes
 - Level 3.2 Armour
 - Level 3.2 Shields


You had 3 spell levels left.
You didn't know any spells.
Your spell library was empty.

Inventory:

Hand Weapons
 a - a +0 mace
 Y - a +0 war axe (weapon)
Armour
 b - a +0 scale mail (worn)
 c - a +0 buckler (worn)
 e - a +0 pair of gloves (worn)
 g - a +0 helmet (worn)
 l - a +0 pair of boots (worn)
Scrolls
 h - a scroll of identify
Potions
 d - 2 potions of might
 i - a potion of curing {unknown}
 j - a potion of resistance {unknown}
 k - 2 potions of degeneration {unknown}

Dungeon Overview and Level Annotations

Branches:
Dungeon (3/15)

Altars:
The Shining One

Annotations:
D:2 1 runed translucent door, Crazy Yiuf


Message History

The orc barely misses you.
You hear some strange, mumbled words.
A puff of flame appears from out of thin air!
The puff of flame hits you but does no damage.
The orc hits you but does no damage. The orc barely misses you.
Something hits you. The orc hits you but does no damage.
You closely miss the orc.
The orc is heavily wounded.
You hit the orc but do no damage. You closely miss something.
The orc closely misses you. Something hits you.
The orc hits you with a +0 club.
You closely miss the orc.
The orc is heavily wounded.
You barely miss the orc. You miss something.
The orc hits you with a +0 war axe. Something hits you but does no damage.
The orc hits you but does no damage.
You hit the orc.
The orc is severely wounded.
You hit the orc but do no damage. You miss something.
The orc barely misses you.
You hear some strange, mumbled words.
A puff of flame appears from out of thin air!
The puff of flame hits you but does no damage.
The orc closely misses you. Something hits you but does no damage.
The orc barely misses you. The orc hits you but does no damage.
You closely miss the orc.
The orc is severely wounded.
You closely miss the orc. You completely miss something.
The orc barely misses you. Something hits you but does no damage.
The orc hits you but does no damage.
You closely miss the orc.
The orc is severely wounded.
You barely miss something. You hit the orc but do no damage.
The orc closely misses you. Something hits you but does no damage.
The orc hits you but does no damage.
You closely miss the orc.
The orc is severely wounded.
You hit the orc. You hit something but do no damage.
The orc hits you with a +0 war axe. Something hits you but does no damage.
The orc hits you with a +0 club.
You die...

##### #.# .....
#.# ......#.#
o.....#.#
.o....#.##
........>####.#
......)!......#
#oo# #@{# #..#
#..# #..# #..#
#..# #..# #..#
#..#


You could see 2 orcs.

Vanquished Creatures
  Robin (D:3)
  A worm (D:2)
  2 orcs (D:3)
  5 ball pythons
  5 bats
  8 endoplasms
  15 giant cockroaches
  9 hobgoblins
  A frilled lizard (D:2)
  11 goblins
  5 kobolds
  3 rats (D:1)
66 creatures vanquished.

Notes
Turn   | Place    | Note
-------+----------+-------------------------------------------
     0 | D:1      | qw the Gargoyle Fighter began the quest for the Orb.
     0 | D:1      | Reached XP level 1. HP: 14/14 MP: 1/1
     0 | D:1      | 0 ||| qw: Version: 0.2-a-29-gc1b59c4
     0 | D:1      | 0 ||| qw: Game counter: 4189
     0 | D:1      | 0 ||| qw: Always use a shield: true
     0 | D:1      | 0 ||| qw: God list: Okawaru
     0 | D:1      | 0 ||| qw: Allow faded altars: false
     0 | D:1      | 0 ||| qw: Do Orc after D:15 true
     0 | D:1      | 0 ||| qw: Do second Lair branch before Depths: true
     0 | D:1      | 0 ||| qw: Lair rune preference: random
     0 | D:1      | 0 ||| qw: Plans: Normal, Zot:1-4, Slime:5, God:TSO, Crypt,
                  | Tomb, Abyss, Pan, Hells, Win
     0 | D:1      | 0 ||| PLANNING D:1-11
   168 | D:1      | Reached skill level 2 in Axes
   224 | D:1      | Reached XP level 2. HP: 19/19 MP: 2/2
   228 | D:1      | 228 ||| Stepping ~*~*~tactically~*~*~ (hiding).
   240 | D:1      | 240 ||| FLEEEEING.
   282 | D:1      | 282 ||| Stepping ~*~*~tactically~*~*~ (stealth).
   370 | D:1      | Reached skill level 3 in Axes
   547 | D:1      | Reached XP level 3. HP: 23/23 MP: 3/3
   827 | D:1      | 827 ||| UPGRADING to +0 helmet.
   832 | D:1      | 832 ||| READING scroll labelled AZIKIA EPLOKE.
   833 | D:1      | 833 ||| READING scroll labelled ABLIPP RESUTT.
   848 | D:1      | 848 ||| READING 2 scrolls labelled JUTODY AHEW.
   849 | D:1      | 849 ||| READING scroll labelled LOISAI BAUCOFIGOEGH.
   991 | D:2      | Found a glowing golden altar of the Shining One.
  1102 | D:2      | 1102 ||| Stepping ~*~*~tactically~*~*~ (stealth).
  1105 | D:2      | 1105 ||| Stepping ~*~*~tactically~*~*~ (stealth).
  1218 | D:2      | 1218 ||| Stepping ~*~*~tactically~*~*~ (stealth).
  1358 | D:2      | Reached XP level 4. HP: 20/28 MP: 4/4
  1507 | D:2      | Found a runed translucent door.
  1508 | D:2      | Noticed Crazy Yiuf
  1535 | D:2      | 1535 ||| Stepping ~*~*~tactically~*~*~ (stealth).
  1538 | D:2      | 1538 ||| Stepping ~*~*~tactically~*~*~ (stealth).
  1651 | D:2      | 1651 ||| UPGRADING to +0 pair of gloves.
  1656 | D:2      | 1656 ||| UPGRADING to +0 pair of boots.
  1661 | D:2      | 1661 ||| READING scroll labelled MAOPAO WAIRGHICS.
  1734 | D:3      | Noticed Robin
  1742 | D:3      | Killed Robin
  1743 | D:3      | Reached skill level 4 in Axes
  1788 | D:3      | 1788 ||| DROPPING +0 whip.
  1825 | D:3      | 1825 ||| Stepping ~*~*~tactically~*~*~ (hiding).
  1827 | D:3      | 1827 ||| Stepping ~*~*~tactically~*~*~ (hiding).
  1847 | D:3      | HP: 5/28 [orc/+0 war axe (6)]
  1851 | D:3      | HP: 2/28 [orc/+0 war axe (4)]
  1851 | D:3      | Slain by an orc

Levels and vault maps discovered:
D:1:      nagdon_arrival_double_spiral, layout_loops_cross, kennysheep_boxes
D:2:      minmay_roachtagon, layout_basic, basic_altar, uniq_crazy_yiuf_cottage
D:3:      layout_basic, jmf_multi_god_temple, uniq_terence, uniq_ijyb,
          uniq_grinder, uniq_sigmund, uniq_robin

Skill      XL: |  1  2  3  4 |
---------------+-------------+-----
Axes           | 2 3 4 |  4.2
Fighting       | |  3.2
Armour         | |  3.2
Shields        | |  3.2

Action                     |  1- 3 |  4- 6 || total
---------------------------+-------+-------++-------
  Melee: War axe           |   118 |    52 ||   170
    Use: Scroll            |     4 |     1 ||     5
 Armour: Scale mail        |    55 |    49 ||   104
  Dodge: Dodged            |    53 |    38 ||    91
  Block: Buckler           |    26 |     5 ||    31

Table legend:
 A = Non-vault XP
 B = Vault XP
 C = Vault XP percentage of total XP
 D = Non-vault monster count
 E = Vault monster count
 F = Vault count percentage of total count
                 A         B        C        D         E       F
            +---------+---------+-------+---------+---------+-------
      Total |      74 |      59 |  44.4 |      41 |      25 |  37.9
            +---------+---------+-------+---------+---------+-------
        D:1 |      41 |       0 |   0.0 |      25 |       0 |   0.0
        D:2 |      24 |      24 |  50.0 |      12 |      12 |  50.0
        D:3 |       9 |      35 |  79.5 |       4 |      13 |  76.5
            +---------+---------+-------+---------+---------+-------
